Colorado vs Checkers
Created - Sunday, February 2, 2025 at 22:49
Goals
|
Colorado |
1 |
2 |
1 |
4 |
Checkers |
2 |
0 |
0 |
2 |
|
Shots
|
Colorado |
6 |
10 |
10 |
26 |
Checkers |
16 |
11 |
7 |
34 |
|
1st period
1. Checkers , Wyatt Bongiovanni 16 (Rasmus Asplund 27, Joe Carroll 32) at 1:42 (PP)
2. Checkers , Nikita Nesterenko 16 (Brian Pinho 26, Jiri Smejkal 16) at 14:21
3. Colorado , Taro Hirose 19 (John Stevens 33, Ryan Sandelin 20) at 19:59 (PP)
Penalties :
Brayden Pachal (COL) for Tripping (Minor) at 0:40, Michael Callahan (COL) for Tripping (Minor) at 5:25, Jeffrey Viel (CHA) for Holding (Minor) at 9:03, Filip Cederqvist (COL) for Interference (Minor) at 11:15, Joe Carroll (CHA) for Interference (Minor) at 15:28, Nikita Nesterenko (CHA) for Hooking (Minor) at 19:35
2nd period
4. Colorado , Dmitri Voronkov 32 (Maxwell Crozier 27, Ryan Shea 20) at 3:36
5. Colorado , Eetu Liukas 3 (Filip Cederqvist 6, Brayden Pachal 8) at 6:53
Penalties :
Nikita Nesterenko (CHA) for Interference (Minor) at 0:23, Adam Klapka (CHA) for Tripping (Minor) at 4:44, Brayden Pachal (COL) for Boarding (Minor) at 7:08, Filip Cederqvist (COL) for Tripping (Minor) at 14:37, Anton Malmstrom (CHA) for Tripping (Minor) at 19:19
3rd period
6. Colorado , Ryan Sandelin 13 (Taro Hirose 33, John Stevens 34) at 16:29 (PP)
Penalties :
Ilya Solovyov (CHA) for Tripping (Minor) at 1:39, Axel Jonsson-Fjallby (COL) for Cross-checking (Minor) at 1:39, Adam Klapka (CHA) for Roughing (Minor) at 4:42, Wyatt Bongiovanni (CHA) for Slashing (Minor) at 10:10, Christoffer Sedoff (CHA) for Tripping (Minor) at 15:10, John Stevens (COL) for Hooking (Minor) at 18:34
Goalie Stats
Henrik Tikkanen (COL), 32 saves from 34 shots - (0.941), W, 11-9-0, 60:00 minutes
Luke Cavallin (CHA), 22 saves from 26 shots - (0.846), L, 10-15-1, 60:00 minutes
Players Stats for Colorado
Player Name G A P +/- PIM S H SB GA TA FO MP PP MP PK MP
------------------------------------------------------------------------------------
Axel Jonsson-Fjallby 0 0 0 0 2 0 0 0 0 0 0/2 9:25 0:00 1:21
Brandon Biro 0 0 0 0 0 3 1 0 0 0 1/2 19:30 8:18 3:15
Brayden Pachal 0 1 1 1 4 0 3 1 0 0 0/0 13:05 0:00 0:00
Colton Young 0 0 0 0 0 0 0 0 0 0 0/0 0:00 0:00 0:00
Cooper Walker 0 0 0 1 0 0 0 0 0 0 3/8 8:07 0:00 0:00
Dmitri Voronkov 1 0 1 0 0 4 1 1 0 0 18/35 22:09 8:18 5:19
Eetu Liukas 1 0 1 1 0 2 1 0 0 0 1/1 8:07 0:00 0:00
Ethan Samson 0 0 0 -1 0 1 1 2 0 0 0/0 22:23 7:08 4:33
Filip Cederqvist 0 1 1 1 4 1 0 0 0 0 2/5 16:25 0:00 1:06
Jett Jones 0 0 0 0 0 0 0 0 0 0 4/12 8:56 0:00 0:00
John Stevens 0 2 2 0 2 1 2 0 0 0 9/23 17:07 7:18 1:15
Kim Nousiainen 0 0 0 1 0 0 0 0 0 0 0/0 16:02 1:11 2:21
Maxwell Crozier 0 1 1 1 0 1 3 2 0 0 0/0 23:03 7:20 5:25
Michael Callahan 0 0 0 -1 2 0 1 2 0 0 0/0 22:17 8:13 3:03
Pavol Regenda 0 0 0 0 0 2 3 0 0 0 0/0 22:38 8:18 5:48
Ryan Sandelin 1 1 2 0 0 5 1 0 0 0 0/1 15:53 7:18 0:00
Ryan Shea 0 1 1 1 0 1 0 1 0 0 0/0 22:34 7:20 4:51
Taro Hirose 1 1 2 0 0 5 1 0 0 0 0/1 19:50 7:18 3:15
Players Stats for Checkers
Player Name G A P +/- PIM S H SB GA TA FO MP PP MP PK MP
------------------------------------------------------------------------------------
Adam Klapka 0 0 0 -1 4 2 1 0 0 0 13/18 14:36 2:30 3:41
Anton Malmstrom 0 0 0 0 2 1 2 0 0 0 0/0 13:43 0:33 0:14
Austin Rueschhoff 0 0 0 0 0 0 0 0 0 0 0/0 0:00 0:00 0:00
Brian Pinho 0 1 1 1 0 2 0 0 0 0 1/2 23:12 4:07 9:37
Christoffer Sedoff 0 0 0 0 2 1 2 1 0 0 0/0 14:43 1:16 0:14
Dino Kambeitz 0 0 0 -1 0 4 2 1 0 0 1/1 20:05 4:13 5:21
Ethan Frisch 0 0 0 -1 0 0 2 3 0 0 0/0 21:32 3:19 7:28
Griffin Mendel 0 0 0 -1 0 0 1 1 0 0 0/0 21:35 3:22 7:28
Ilya Solovyov 0 0 0 0 2 0 5 0 0 0 0/0 23:43 6:08 7:54
Jeffrey Viel 0 0 0 -1 2 2 0 0 0 0 1/2 10:23 0:43 0:00
Jiri Smejkal 0 1 1 1 0 2 1 0 0 0 1/1 14:40 1:15 0:38
Joe Carroll 0 1 1 -1 2 0 2 0 0 0 4/6 16:07 4:07 0:00
Nikita Nesterenko 1 0 1 1 4 8 2 0 0 0 16/27 22:04 5:01 4:01
Rasmus Asplund 0 1 1 -1 0 5 1 0 0 0 1/1 17:33 5:01 0:00
Tyler Wotherspoon 0 0 0 0 0 2 1 0 0 0 0/0 24:41 6:08 7:54
Tyson Kozak 0 0 0 0 0 0 0 0 0 0 0/0 0:32 0:00 0:32
Will MacKinnon 0 0 0 0 0 0 0 0 0 0 0/0 0:00 0:00 0:00
Wyatt Bongiovanni 1 0 1 -1 2 5 0 1 0 0 14/32 23:06 4:12 7:22
3 Stars
1 - Ryan Sandelin (COL)
2 - Taro Hirose (COL)
3 - Eetu Liukas (COL)
Power Play
Colorado - 2 on 9 Attempt(s) - 22.22%
Checkers - 1 on 6 Attempt(s) - 16.67%
Penalty Kill
Colorado - 5 on 6 Attempt(s) - 83.33%
- Score 0 goal in Penalty Kill
Checkers - 7 on 9 Attempt(s) - 77.78%
- Score 0 goal in Penalty Kill
Team Stat
Colorado - Hits : 18 - Faceoff Wins : 38 - Blocked Shots : 9 - Penalty Minutes : 14
Checkers - Hits : 22 - Faceoff Wins : 52 - Blocked Shots : 7 - Penalty Minutes : 20
Official
Referees : Dan O'Rourke and Graham Skilliter
Linesman : Julien Fournier and CJ Murray
Game Notes
No Game Note
Finance
Level 1 -- Attendance: 1801 (90.05%) -- Ticket Income $63,035
Level 2 -- Attendance: 929 (92.90%) -- Ticket Income $13,935
Total Attendance: 2730 (91.00%)
Total Ticket Income: $76,970
Other Income: $37,715
Total Income: $114,685
Colorado
5 vs 5 Forward
Center Left Wing Right Wing Time % Phy DF OF
1 Dmitri Voronkov Brandon Biro Pavol Regenda 25 1 2 2
2 John Stevens Taro Hirose Ryan Sandelin 25 1 2 2
3 Jett Jones Axel Jonsson-Fjallby Filip Cederqvist 25 1 2 2
4 Cooper Walker Eetu Liukas Filip Cederqvist 25 1 2 2
5 vs 5 Defense
Defense Defense Time % Phy DF OF
1 Ryan Shea Maxwell Crozier 25 1 2 2
2 Michael Callahan Ethan Samson 25 1 2 2
3 Kim Nousiainen Brayden Pachal 25 1 2 2
4 Ryan Shea Maxwell Crozier 25 1 2 2
PowerPlay Forward
Center Left Wing Right Wing Time % Phy DF OF
1 Dmitri Voronkov Brandon Biro Pavol Regenda 60 1 2 2
2 John Stevens Taro Hirose Ryan Sandelin 40 1 2 2
PowerPlay Defense
Defense Defense Time % Phy DF OF
1 Ryan Shea Maxwell Crozier 60 1 2 2
2 Michael Callahan Ethan Samson 40 1 2 2
Penalty Kill 4 Players Forward
Center Wing Time % Phy DF OF
1 Dmitri Voronkov Pavol Regenda 60 1 2 2
2 Brandon Biro Taro Hirose 40 1 2 2
Penalty Kill 4 Players Defense
Defense Defense Time % Phy DF OF
1 Ryan Shea Maxwell Crozier 60 1 2 2
2 Michael Callahan Ethan Samson 40 1 2 2
Penalty Kill - 3 Players Forward
Forward Time % Phy DF OF
1 Dmitri Voronkov 60 1 2 2
2 Pavol Regenda 40 1 2 2
Penalty Kill - 3 Players Defense
Defense Defense Time % Phy DF OF
1 Ryan Shea Maxwell Crozier 60 1 2 2
2 Michael Callahan Ethan Samson 40 1 2 2
4 vs 4 Forward
Center Wing Time % Phy DF OF
1 Dmitri Voronkov Pavol Regenda 60 1 2 2
2 Brandon Biro Taro Hirose 40 1 2 2
4 vs 4 Defense
Defense Defense Time % Phy DF OF
1 Ryan Shea Maxwell Crozier 60 1 2 2
2 Michael Callahan Ethan Samson 40 1 2 2
Last Minutes Offensive
Center Left Wing Right Wing Defense Defense
Dmitri Voronkov Brandon Biro Pavol Regenda Ryan Shea Maxwell Crozier
Last Minutes Defensive
Center Left Wing Right Wing Defense Defense
Dmitri Voronkov Brandon Biro Pavol Regenda Ryan Shea Maxwell Crozier
Goaltenders
Starting : Henrik Tikkanen
Backup : Evan Fitzpatrick
Extra Forwards
Normal : Axel Jonsson-Fjallby, Jett Jones, Filip Cederqvist - PP : Axel Jonsson-Fjallby, Jett Jones - PK : Filip Cederqvist
Extra Defensemen
Normal : Kim Nousiainen, Ryan Shea, Michael Callahan - PP : Kim Nousiainen - PK : Maxwell Crozier, Michael Callahan
Penalty Shots
Dmitri Voronkov, Pavol Regenda, Brandon Biro, Taro Hirose, John Stevens
Custom OT Lines Forwards
Dmitri Voronkov, Pavol Regenda, Brandon Biro, Taro Hirose, John Stevens, Ryan Sandelin, Jett Jones, Filip Cederqvist, Eetu Liukas, Axel Jonsson-Fjallby
Custom OT Lines Defensemen
Ryan Shea, Maxwell Crozier, Michael Callahan, Ethan Samson, Kim Nousiainen
Scratches
Farm Player 101 (Healthy), Louis Domingue (Healthy), Eetu Makiniemi (Healthy)
Checkers
5 vs 5 Forward
Center Left Wing Right Wing Time % Phy DF OF
1 Adam Klapka Rasmus Asplund Jeffrey Viel 25 1 2 2
2 Nikita Nesterenko Jiri Smejkal Brian Pinho 25 1 2 2
3 Wyatt Bongiovanni Joe Carroll Dino Kambeitz 25 1 2 2
4 Nikita Nesterenko Jiri Smejkal Rasmus Asplund 25 1 2 2
5 vs 5 Defense
Defense Defense Time % Phy DF OF
1 Tyler Wotherspoon Ilya Solovyov 25 1 2 2
2 Griffin Mendel Ethan Frisch 25 1 2 2
3 Christoffer Sedoff Anton Malmstrom 25 1 2 2
4 Ilya Solovyov Tyler Wotherspoon 25 1 2 2
PowerPlay Forward
Center Left Wing Right Wing Time % Phy DF OF
1 Joe Carroll Wyatt Bongiovanni Rasmus Asplund 60 1 2 2
2 Nikita Nesterenko Dino Kambeitz Brian Pinho 40 1 2 2
PowerPlay Defense
Defense Defense Time % Phy DF OF
1 Tyler Wotherspoon Ilya Solovyov 60 1 2 2
2 Griffin Mendel Ethan Frisch 40 1 2 2
Penalty Kill 4 Players Forward
Center Wing Time % Phy DF OF
1 Wyatt Bongiovanni Brian Pinho 60 1 2 2
2 Nikita Nesterenko Dino Kambeitz 40 1 2 2
Penalty Kill 4 Players Defense
Defense Defense Time % Phy DF OF
1 Tyler Wotherspoon Ilya Solovyov 60 1 2 2
2 Griffin Mendel Ethan Frisch 40 1 2 2
Penalty Kill - 3 Players Forward
Forward Time % Phy DF OF
1 Nikita Nesterenko 60 1 2 2
2 Brian Pinho 40 1 2 2
Penalty Kill - 3 Players Defense
Defense Defense Time % Phy DF OF
1 Tyler Wotherspoon Ilya Solovyov 60 1 2 2
2 Griffin Mendel Ethan Frisch 40 1 2 2
4 vs 4 Forward
Center Wing Time % Phy DF OF
1 Joe Carroll Brian Pinho 60 1 2 2
2 Nikita Nesterenko Wyatt Bongiovanni 40 1 2 2
4 vs 4 Defense
Defense Defense Time % Phy DF OF
1 Tyler Wotherspoon Ilya Solovyov 60 1 2 2
2 Griffin Mendel Ethan Frisch 40 1 2 2
Last Minutes Offensive
Center Left Wing Right Wing Defense Defense
Nikita Nesterenko Brian Pinho Rasmus Asplund Tyler Wotherspoon Ilya Solovyov
Last Minutes Defensive
Center Left Wing Right Wing Defense Defense
Nikita Nesterenko Brian Pinho Rasmus Asplund Tyler Wotherspoon Ilya Solovyov
Goaltenders
Starting : Luke Cavallin
Backup : Matthew Murray
Extra Forwards
Normal : Joe Carroll, Wyatt Bongiovanni, Dino Kambeitz - PP : Joe Carroll, Wyatt Bongiovanni - PK : Dino Kambeitz
Extra Defensemen
Normal : Christoffer Sedoff, Anton Malmstrom, Ilya Solovyov - PP : Christoffer Sedoff - PK : Anton Malmstrom, Tyler Wotherspoon
Penalty Shots
Brian Pinho, Joe Carroll, Nikita Nesterenko, Wyatt Bongiovanni, Dino Kambeitz
Custom OT Lines Forwards
Rasmus Asplund, Jeffrey Viel, Nikita Nesterenko, Jiri Smejkal, Austin Rueschhoff, Brian Pinho, Joe Carroll, Wyatt Bongiovanni, Dino Kambeitz, Adam Klapka
Custom OT Lines Defensemen
Tyler Wotherspoon, Ilya Solovyov, Griffin Mendel, Ethan Frisch, Christoffer Sedoff
Scratches
Jacob Melanson (Healthy), Simon Pinard (Healthy), Alex Swetlikoff (Healthy), Ben Berard (Healthy), Ethan De Jong (Healthy)
Matt Brown (Healthy), Justin Pearson (Healthy), Brendan Furry (Healthy), Chris Jandric (Healthy), Ian McKinnon (Healthy)
% Time on Ice - ColoradoLines # - Real PCT - Wanted PCT - Time Play
Normal Forward
1 - 23% - 25% - 7:15
2 - 27% - 25% - 8:35
3 - 25% - 25% - 8:05
4 - 25% - 25% - 8:07
Normal Defense
1 - 12% - 25% - 3:57
2 - 33% - 25% - 10:31
3 - 40% - 25% - 12:56
4 - 14% - 25% - 4:38
PP Forward
1 - 53% - 60% - 8:18
2 - 47% - 40% - 7:18
PP Defense
1 - 47% - 60% - 7:20
2 - 53% - 40% - 8:16
PK Forward
1 - 69% - 60% - 7:08
2 - 31% - 40% - 3:15
PK Defense
1 - 57% - 60% - 5:58
2 - 43% - 40% - 4:25
PK3 Forward
1 - 0% - 60%
2 - 0% - 40%
PK3 Defense
1 - 0% - 60%
2 - 0% - 40%
44 Forward
1 - 65% - 60% - 1:17
2 - 35% - 40% - 0:42
44 Defense
1 - 65% - 60% - 1:17
2 - 35% - 40% - 0:42
Last Minute Offensive - 0:00
Last Minute Defensive - 0:00
Total
Forward - 60:00
Defense - 60:00
|
% Time on Ice - CheckersLines # - Real PCT - Wanted PCT - Time Play
Normal Forward
1 - 26% - 25% - 8:19
2 - 26% - 25% - 8:15
3 - 32% - 25% - 10:11
4 - 16% - 25% - 5:17
Normal Defense
1 - 15% - 25% - 4:39
2 - 30% - 25% - 9:43
3 - 39% - 25% - 12:37
4 - 16% - 25% - 5:03
PP Forward
1 - 52% - 60% - 5:22
2 - 48% - 40% - 5:01
PP Defense
1 - 68% - 60% - 7:01
2 - 32% - 40% - 3:22
PK Forward
1 - 69% - 60% - 10:49
2 - 31% - 40% - 4:47
PK Defense
1 - 52% - 60% - 8:08
2 - 48% - 40% - 7:28
PK3 Forward
1 - 0% - 60%
2 - 0% - 40%
PK3 Defense
1 - 0% - 60%
2 - 0% - 40%
44 Forward
1 - 78% - 60% - 1:33
2 - 22% - 40% - 0:26
44 Defense
1 - 48% - 60% - 0:57
2 - 52% - 40% - 1:02
Last Minute Offensive - 0:00
Last Minute Defensive - 0:00
Total
Forward - 60:00
Defense - 60:00
|
Play-by-Play
1st period
0:01 of 1st period - Adam Klapka wins face-off versus Dmitri Voronkov in neutral zone.
0:04 of 1st period - Shot by Rasmus Asplund.
0:04 of 1st period - Stopped by Henrik Tikkanen with a rebound.
0:10 of 1st period - Shot by Brandon Biro.
0:10 of 1st period - Stopped by Luke Cavallin without a rebound.
0:11 of 1st period - John Stevens wins face-off versus Nikita Nesterenko in Checkers zone.
0:14 of 1st period - Shot by Taro Hirose.
0:14 of 1st period - Stopped by Luke Cavallin without a rebound.
0:15 of 1st period - Jett Jones wins face-off versus Wyatt Bongiovanni in Checkers zone.
0:32 of 1st period - Dino Kambeitz is hit by Brayden Pachal and loses puck.
0:40 of 1st period - Minor Penalty to Brayden Pachal for Tripping.
0:41 of 1st period - Dmitri Voronkov wins face-off versus Nikita Nesterenko in Colorado zone.
0:41 of 1st period - Dmitri Voronkov is hit by Nikita Nesterenko.
1:25 of 1st period - Griffin Mendel is hit by Taro Hirose.
1:40 of 1st period - Shot by Rasmus Asplund.
1:40 of 1st period - Shot Misses the Net.
1:42 of 1st period - Shot by Wyatt Bongiovanni.
1:42 of 1st period - Goal by Wyatt Bongiovanni - Colorado : 0 - Checkers : 1.
1:43 of 1st period - Adam Klapka wins face-off versus Cooper Walker in neutral zone.
2:08 of 1st period - Icing by Filip Cederqvist.
2:09 of 1st period - Nikita Nesterenko wins face-off versus Cooper Walker in Colorado zone.
2:32 of 1st period - Shot by Jiri Smejkal.
2:32 of 1st period - Shot Misses the Net.
2:34 of 1st period - Shot by Jiri Smejkal.
2:34 of 1st period - Deflect By Nikita Nesterenko.
2:34 of 1st period - Stopped by Henrik Tikkanen with a rebound.
2:36 of 1st period - Shot by Jiri Smejkal.
2:36 of 1st period - Stopped by Henrik Tikkanen without a rebound.
2:37 of 1st period - Wyatt Bongiovanni wins face-off versus John Stevens in Colorado zone.
2:39 of 1st period - Joe Carroll is hit by Maxwell Crozier and loses puck.
2:43 of 1st period - Icing by Maxwell Crozier.
2:44 of 1st period - John Stevens wins face-off versus Wyatt Bongiovanni in Colorado zone.
2:53 of 1st period - Shot by Dino Kambeitz.
2:53 of 1st period - Stopped by Henrik Tikkanen without a rebound.
2:54 of 1st period - Dmitri Voronkov wins face-off versus Nikita Nesterenko in Colorado zone.
2:54 of 1st period - Dmitri Voronkov is hit by Jiri Smejkal.
3:07 of 1st period - Shot by Pavol Regenda.
3:07 of 1st period - Stopped by Luke Cavallin with a rebound.
3:20 of 1st period - Icing by Rasmus Asplund.
3:21 of 1st period - Nikita Nesterenko wins face-off versus John Stevens in Checkers zone.
4:17 of 1st period - Shot by Joe Carroll.
4:17 of 1st period - Shot Blocked by Ryan Shea.
4:19 of 1st period - Shot by Dino Kambeitz.
4:19 of 1st period - Shot Blocked by Maxwell Crozier.
4:21 of 1st period - Shot by Dino Kambeitz.
4:21 of 1st period - Stopped by Henrik Tikkanen without a rebound.
4:22 of 1st period - Adam Klapka wins face-off versus Axel Jonsson-Fjallby in Colorado zone.
4:27 of 1st period - Shot by Adam Klapka.
4:27 of 1st period - Deflect By Jeffrey Viel.
4:27 of 1st period - Stopped by Henrik Tikkanen with a rebound.
5:02 of 1st period - Icing by Jett Jones.
5:03 of 1st period - Nikita Nesterenko wins face-off versus Jett Jones in Colorado zone.
5:25 of 1st period - Minor Penalty to Michael Callahan for Tripping.
5:26 of 1st period - Joe Carroll wins face-off versus Dmitri Voronkov in Colorado zone.
6:04 of 1st period - Icing by Joe Carroll.
6:05 of 1st period - Joe Carroll wins face-off versus Dmitri Voronkov in Checkers zone.
6:24 of 1st period - Shot by Nikita Nesterenko.
6:24 of 1st period - Shot Misses the Net.
6:26 of 1st period - Shot by Tyler Wotherspoon.
6:26 of 1st period - Stopped by Henrik Tikkanen without a rebound.
6:27 of 1st period - Nikita Nesterenko wins face-off versus Dmitri Voronkov in Colorado zone.
6:28 of 1st period - Shot by Tyler Wotherspoon.
6:28 of 1st period - Shot Blocked by Ethan Samson.
7:28 of 1st period - Shot by Maxwell Crozier.
7:28 of 1st period - Stopped by Luke Cavallin without a rebound.
7:29 of 1st period - Cooper Walker wins face-off versus Jeffrey Viel in Checkers zone.
7:43 of 1st period - Shot by Adam Klapka.
7:43 of 1st period - Stopped by Henrik Tikkanen without a rebound.
7:44 of 1st period - Nikita Nesterenko wins face-off versus John Stevens in Colorado zone.
8:14 of 1st period - Shot by Nikita Nesterenko.
8:14 of 1st period - Stopped by Henrik Tikkanen without a rebound.
8:15 of 1st period - Wyatt Bongiovanni wins face-off versus Cooper Walker in Colorado zone.
9:03 of 1st period - Minor Penalty to Jeffrey Viel for Holding.
9:04 of 1st period - Dmitri Voronkov wins face-off versus Wyatt Bongiovanni in Checkers zone.
9:40 of 1st period - Pavol Regenda is hit by Tyler Wotherspoon and loses puck.
11:15 of 1st period - Minor Penalty to Filip Cederqvist for Interference.
11:16 of 1st period - Joe Carroll wins face-off versus John Stevens in Colorado zone.
12:07 of 1st period - Shot by Dino Kambeitz.
12:07 of 1st period - Shot Misses the Net.
12:09 of 1st period - Shot by Nikita Nesterenko.
12:09 of 1st period - Stopped by Henrik Tikkanen without a rebound.
12:10 of 1st period - Nikita Nesterenko wins face-off versus Axel Jonsson-Fjallby in Colorado zone.
12:27 of 1st period - Shot by Nikita Nesterenko.
12:27 of 1st period - Shot Misses the Net.
12:29 of 1st period - Shot by Nikita Nesterenko.
12:29 of 1st period - Stopped by Henrik Tikkanen without a rebound.
12:30 of 1st period - Brandon Biro wins face-off versus Joe Carroll in Colorado zone.
12:30 of 1st period - Brandon Biro is hit by Joe Carroll.
13:36 of 1st period - Shot by Nikita Nesterenko.
13:36 of 1st period - Shot Misses the Net.
13:38 of 1st period - Shot by Anton Malmstrom.
13:38 of 1st period - Stopped by Henrik Tikkanen with a rebound.
13:40 of 1st period - Shot by Brian Pinho.
13:40 of 1st period - Stopped by Henrik Tikkanen without a rebound.
13:41 of 1st period - Adam Klapka wins face-off versus John Stevens in Colorado zone.
13:42 of 1st period - Shot by Rasmus Asplund.
13:42 of 1st period - Shot Blocked by Brayden Pachal.
14:02 of 1st period - Shot by Taro Hirose.
14:02 of 1st period - Stopped by Luke Cavallin with a rebound.
14:11 of 1st period - Off-side.
14:12 of 1st period - Dmitri Voronkov wins face-off versus Nikita Nesterenko in neutral zone.
14:19 of 1st period - Shot by Brian Pinho.
14:19 of 1st period - Shot Misses the Net.
14:21 of 1st period - Shot by Nikita Nesterenko.
14:21 of 1st period - Goal by Nikita Nesterenko - Colorado : 0 - Checkers : 2.
14:22 of 1st period - Jett Jones wins face-off versus Nikita Nesterenko in neutral zone.
15:28 of 1st period - Minor Penalty to Joe Carroll for Interference.
15:29 of 1st period - Adam Klapka wins face-off versus John Stevens in Checkers zone.
17:01 of 1st period - Icing by John Stevens.
17:02 of 1st period - Wyatt Bongiovanni wins face-off versus John Stevens in Colorado zone.
17:03 of 1st period - Shot by Griffin Mendel.
17:03 of 1st period - Shot Misses the Net.
17:09 of 1st period - Wyatt Bongiovanni is hit by John Stevens and loses puck.
17:50 of 1st period - Shot by Rasmus Asplund.
17:50 of 1st period - Stopped by Henrik Tikkanen without a rebound.
17:51 of 1st period - Nikita Nesterenko wins face-off versus Jett Jones in Colorado zone.
18:01 of 1st period - Off-side.
18:02 of 1st period - Wyatt Bongiovanni wins face-off versus Dmitri Voronkov in neutral zone.
18:02 of 1st period - Wyatt Bongiovanni is hit by Brandon Biro.
19:08 of 1st period - Shot by Jiri Smejkal.
19:08 of 1st period - Shot Misses the Net.
19:35 of 1st period - Minor Penalty to Nikita Nesterenko for Hooking.
19:36 of 1st period - John Stevens wins face-off versus Wyatt Bongiovanni in Checkers zone.
19:57 of 1st period - Shot by John Stevens.
19:57 of 1st period - Shot Blocked by Griffin Mendel.
19:59 of 1st period - Shot by John Stevens.
19:59 of 1st period - Deflect By Taro Hirose.
19:59 of 1st period - Goal by Taro Hirose - Colorado : 1 - Checkers : 2.
Goals for this period are 1 for Colorado vs 2 for Checkers.
Shots for this period are 6 for Colorado vs 16 for Checkers.
2nd period
0:01 of 2nd period - Nikita Nesterenko wins face-off versus Dmitri Voronkov in neutral zone.
0:21 of 2nd period - Ryan Shea is hit by Nikita Nesterenko and loses puck.
0:23 of 2nd period - Minor Penalty to Nikita Nesterenko for Interference.
0:24 of 2nd period - John Stevens wins face-off versus Wyatt Bongiovanni in Checkers zone.
0:25 of 2nd period - Shot by Ryan Sandelin.
0:25 of 2nd period - Shot Misses the Net.
0:46 of 2nd period - Ryan Sandelin is hit by Ilya Solovyov and loses puck.
1:21 of 2nd period - Shot by Wyatt Bongiovanni.
1:21 of 2nd period - Stopped by Henrik Tikkanen without a rebound.
1:22 of 2nd period - Adam Klapka wins face-off versus Dmitri Voronkov in Colorado zone.
2:23 of 2nd period - Shot by Taro Hirose.
2:23 of 2nd period - Shot Misses the Net.
3:05 of 2nd period - Icing by Brayden Pachal.
3:06 of 2nd period - Jett Jones wins face-off versus Wyatt Bongiovanni in Colorado zone.
3:16 of 2nd period - Icing by Ethan Frisch.
3:17 of 2nd period - Dmitri Voronkov wins face-off versus Wyatt Bongiovanni in Checkers zone.
3:20 of 2nd period - Shot by Dmitri Voronkov.
3:20 of 2nd period - Shot Hit the Post.
3:32 of 2nd period - Shot by Dmitri Voronkov.
3:32 of 2nd period - Shot Misses the Net.
3:36 of 2nd period - Shot by Dmitri Voronkov.
3:36 of 2nd period - Goal by Dmitri Voronkov - Colorado : 2 - Checkers : 2.
3:37 of 2nd period - Adam Klapka wins face-off versus Taro Hirose in neutral zone.
3:44 of 2nd period - Shot by Adam Klapka.
3:44 of 2nd period - Deflect By Rasmus Asplund.
3:44 of 2nd period - Shot Blocked by Michael Callahan.
3:46 of 2nd period - Shot by Tyler Wotherspoon.
3:46 of 2nd period - Stopped by Henrik Tikkanen without a rebound.
3:47 of 2nd period - Nikita Nesterenko wins face-off versus Dmitri Voronkov in Colorado zone.
3:50 of 2nd period - Shot by Jiri Smejkal.
3:50 of 2nd period - Stopped by Henrik Tikkanen without a rebound.
3:51 of 2nd period - John Stevens wins face-off versus Nikita Nesterenko in Colorado zone.
4:01 of 2nd period - Maxwell Crozier is hit by Ilya Solovyov.
4:44 of 2nd period - Minor Penalty to Adam Klapka for Tripping.
4:45 of 2nd period - Dmitri Voronkov wins face-off versus Wyatt Bongiovanni in Checkers zone.
5:11 of 2nd period - Shot by Dmitri Voronkov.
5:11 of 2nd period - Shot Blocked by Ethan Frisch.
5:15 of 2nd period - Shot by Pavol Regenda.
5:15 of 2nd period - Stopped by Luke Cavallin with a rebound.
5:17 of 2nd period - Shot by Michael Callahan.
5:17 of 2nd period - Shot Misses the Net.
6:13 of 2nd period - Shot by Dmitri Voronkov.
6:13 of 2nd period - Stopped by Luke Cavallin without a rebound.
6:14 of 2nd period - Dmitri Voronkov wins face-off versus Wyatt Bongiovanni in Checkers zone.
6:46 of 2nd period - Rasmus Asplund is hit by Eetu Liukas and loses puck.
6:51 of 2nd period - Shot by Filip Cederqvist.
6:51 of 2nd period - Stopped by Luke Cavallin with a rebound.
6:53 of 2nd period - Shot by Eetu Liukas.
6:53 of 2nd period - Goal by Eetu Liukas - Colorado : 3 - Checkers : 2.
6:54 of 2nd period - Nikita Nesterenko wins face-off versus Jett Jones in neutral zone.
7:01 of 2nd period - Nikita Nesterenko is hit by Brayden Pachal and loses puck.
7:08 of 2nd period - Shot by Nikita Nesterenko.
7:08 of 2nd period - Stopped by Henrik Tikkanen without a rebound.
7:08 of 2nd period - Minor Penalty to Brayden Pachal for Boarding.
7:09 of 2nd period - Nikita Nesterenko wins face-off versus Filip Cederqvist in Colorado zone.
7:16 of 2nd period - Shot by Dino Kambeitz.
7:16 of 2nd period - Shot Blocked by Maxwell Crozier.
7:18 of 2nd period - Shot by Nikita Nesterenko.
7:18 of 2nd period - Shot Misses the Net.
9:23 of 2nd period - Shot by Jeffrey Viel.
9:23 of 2nd period - Shot Misses the Net.
9:25 of 2nd period - Shot by Christoffer Sedoff.
9:25 of 2nd period - Shot Misses the Net.
9:29 of 2nd period - Shot by Adam Klapka.
9:29 of 2nd period - Deflect By Jeffrey Viel.
9:29 of 2nd period - Stopped by Henrik Tikkanen with a rebound.
10:46 of 2nd period - Icing by Ethan Samson.
10:47 of 2nd period - Wyatt Bongiovanni wins face-off versus Dmitri Voronkov in Colorado zone.
10:52 of 2nd period - Shot by Jeffrey Viel.
10:52 of 2nd period - Deflect By Wyatt Bongiovanni.
10:52 of 2nd period - Shot Blocked by Michael Callahan.
10:54 of 2nd period - Shot by Jeffrey Viel.
10:54 of 2nd period - Shot Blocked by Dmitri Voronkov.
10:58 of 2nd period - Shot by Wyatt Bongiovanni.
10:58 of 2nd period - Stopped by Henrik Tikkanen with a rebound.
11:00 of 2nd period - Shot by Dino Kambeitz.
11:00 of 2nd period - Deflect By Wyatt Bongiovanni.
11:00 of 2nd period - Stopped by Henrik Tikkanen without a rebound.
11:01 of 2nd period - Jett Jones wins face-off versus Nikita Nesterenko in Colorado zone.
11:01 of 2nd period - Jett Jones is hit by Rasmus Asplund.
11:52 of 2nd period - Shot by Dino Kambeitz.
11:52 of 2nd period - Stopped by Henrik Tikkanen without a rebound.
11:53 of 2nd period - Jeffrey Viel wins face-off versus John Stevens in Colorado zone.
11:53 of 2nd period - Adam Klapka is hit by Maxwell Crozier and loses puck.
12:38 of 2nd period - Icing by Jeffrey Viel.
12:39 of 2nd period - Dmitri Voronkov wins face-off versus Adam Klapka in Checkers zone.
13:48 of 2nd period - Shot by Eetu Liukas.
13:48 of 2nd period - Stopped by Luke Cavallin without a rebound.
13:49 of 2nd period - John Stevens wins face-off versus Adam Klapka in Checkers zone.
13:56 of 2nd period - Shot by Ryan Sandelin.
13:56 of 2nd period - Stopped by Luke Cavallin without a rebound.
13:57 of 2nd period - John Stevens wins face-off versus Wyatt Bongiovanni in Checkers zone.
14:14 of 2nd period - Shot by Taro Hirose.
14:14 of 2nd period - Shot Misses the Net.
14:16 of 2nd period - Shot by Ryan Sandelin.
14:16 of 2nd period - Shot Misses the Net.
14:19 of 2nd period - Ryan Sandelin is hit by Anton Malmstrom and loses puck.
14:22 of 2nd period - Shot by John Stevens.
14:22 of 2nd period - Deflect By Taro Hirose.
14:22 of 2nd period - Shot Misses the Net.
14:26 of 2nd period - Shot by John Stevens.
14:26 of 2nd period - Shot Misses the Net.
14:28 of 2nd period - Shot by John Stevens.
14:28 of 2nd period - Shot Misses the Net.
14:30 of 2nd period - Shot by Michael Callahan.
14:30 of 2nd period - Shot Blocked by Christoffer Sedoff.
14:32 of 2nd period - Shot by Ethan Samson.
14:32 of 2nd period - Stopped by Luke Cavallin with a rebound.
14:37 of 2nd period - Minor Penalty to Filip Cederqvist for Tripping.
14:38 of 2nd period - Dmitri Voronkov wins face-off versus Nikita Nesterenko in Colorado zone.
14:38 of 2nd period - Dmitri Voronkov is hit by Dino Kambeitz.
15:36 of 2nd period - Shot by Jiri Smejkal.
15:36 of 2nd period - Shot Misses the Net.
15:38 of 2nd period - Shot by Griffin Mendel.
15:38 of 2nd period - Shot Misses the Net.
15:54 of 2nd period - Shot by Nikita Nesterenko.
15:54 of 2nd period - Stopped by Henrik Tikkanen without a rebound.
15:55 of 2nd period - Adam Klapka wins face-off versus Brandon Biro in Colorado zone.
16:35 of 2nd period - Shot by Brandon Biro.
16:35 of 2nd period - Shot Misses the Net.
16:50 of 2nd period - Brian Pinho is hit by Brayden Pachal and loses puck.
17:09 of 2nd period - Eetu Liukas is hit by Christoffer Sedoff and loses puck.
17:36 of 2nd period - John Stevens is hit by Christoffer Sedoff and loses puck.
17:41 of 2nd period - Shot by Taro Hirose.
17:41 of 2nd period - Stopped by Luke Cavallin without a rebound.
17:42 of 2nd period - Filip Cederqvist wins face-off versus Wyatt Bongiovanni in Checkers zone.
18:06 of 2nd period - Shot by Joe Carroll.
18:06 of 2nd period - Deflect By Wyatt Bongiovanni.
18:06 of 2nd period - Stopped by Henrik Tikkanen without a rebound.
18:07 of 2nd period - Dmitri Voronkov wins face-off versus Adam Klapka in Colorado zone.
18:26 of 2nd period - Shot by Dmitri Voronkov.
18:26 of 2nd period - Shot Misses the Net.
18:35 of 2nd period - Icing by Ilya Solovyov.
18:36 of 2nd period - Adam Klapka wins face-off versus John Stevens in Checkers zone.
18:54 of 2nd period - Shot by Taro Hirose.
18:54 of 2nd period - Stopped by Luke Cavallin without a rebound.
18:55 of 2nd period - Eetu Liukas wins face-off versus Wyatt Bongiovanni in Checkers zone.
18:55 of 2nd period - Filip Cederqvist is hit by Ethan Frisch and loses puck.
19:10 of 2nd period - Shot by Dino Kambeitz.
19:10 of 2nd period - Stopped by Henrik Tikkanen without a rebound.
19:11 of 2nd period - Dmitri Voronkov wins face-off versus Nikita Nesterenko in Colorado zone.
19:19 of 2nd period - Minor Penalty to Anton Malmstrom for Tripping.
19:20 of 2nd period - Wyatt Bongiovanni wins face-off versus Dmitri Voronkov in Checkers zone.
19:20 of 2nd period - Wyatt Bongiovanni is hit by Pavol Regenda.
19:41 of 2nd period - Dmitri Voronkov is hit by Ilya Solovyov and loses puck.
Goals for this period are 2 for Colorado vs 0 for Checkers.
Shots for this period are 10 for Colorado vs 11 for Checkers.
3rd period
0:01 of 3rd period - Dmitri Voronkov wins face-off versus Wyatt Bongiovanni in neutral zone.
0:18 of 3rd period - Brandon Biro is hit by Ethan Frisch and loses puck.
0:23 of 3rd period - Shot by Dmitri Voronkov.
0:23 of 3rd period - Shot Misses the Net.
0:25 of 3rd period - Shot by Ryan Shea.
0:25 of 3rd period - Stopped by Luke Cavallin without a rebound.
0:26 of 3rd period - John Stevens wins face-off versus Wyatt Bongiovanni in Checkers zone.
0:26 of 3rd period - John Stevens is hit by Ilya Solovyov.
0:36 of 3rd period - Shot by John Stevens.
0:36 of 3rd period - Shot Misses the Net.
0:52 of 3rd period - Shot by Taro Hirose.
0:52 of 3rd period - Shot Misses the Net.
0:54 of 3rd period - Shot by Michael Callahan.
0:54 of 3rd period - Shot Misses the Net.
0:56 of 3rd period - Shot by Ethan Samson.
0:56 of 3rd period - Shot Blocked by Dino Kambeitz.
0:58 of 3rd period - Shot by Ryan Sandelin.
0:58 of 3rd period - Shot Misses the Net.
1:00 of 3rd period - Shot by Taro Hirose.
1:00 of 3rd period - Shot Misses the Net.
1:21 of 3rd period - Icing by Pavol Regenda.
1:22 of 3rd period - Adam Klapka wins face-off versus Jett Jones in Colorado zone.
1:36 of 3rd period - Filip Cederqvist is hit by Ilya Solovyov.
1:39 of 3rd period - Minor Penalty to Ilya Solovyov for Tripping.
1:39 of 3rd period - Minor Penalty to Axel Jonsson-Fjallby for Cross-checking.
1:40 of 3rd period - Joe Carroll wins face-off versus Dmitri Voronkov in Checkers zone.
1:45 of 3rd period - Shot by Tyler Wotherspoon.
1:45 of 3rd period - Shot Misses the Net.
1:50 of 3rd period - Icing by Dmitri Voronkov.
1:51 of 3rd period - Dmitri Voronkov wins face-off versus Joe Carroll in Colorado zone.
3:18 of 3rd period - Shot by Nikita Nesterenko.
3:18 of 3rd period - Stopped by Henrik Tikkanen without a rebound.
3:19 of 3rd period - Dino Kambeitz wins face-off versus Dmitri Voronkov in Colorado zone.
3:39 of 3rd period - Icing by Maxwell Crozier.
3:40 of 3rd period - Cooper Walker wins face-off versus Adam Klapka in Colorado zone.
3:46 of 3rd period - Off-side.
3:47 of 3rd period - Adam Klapka wins face-off versus Jett Jones in neutral zone.
4:02 of 3rd period - Shot by Adam Klapka.
4:02 of 3rd period - Deflect By Rasmus Asplund.
4:02 of 3rd period - Stopped by Henrik Tikkanen without a rebound.
4:03 of 3rd period - Brian Pinho wins face-off versus John Stevens in Colorado zone.
4:22 of 3rd period - Shot by Christoffer Sedoff.
4:22 of 3rd period - Shot Misses the Net.
4:24 of 3rd period - Shot by Anton Malmstrom.
4:24 of 3rd period - Shot Misses the Net.
4:26 of 3rd period - Shot by Christoffer Sedoff.
4:26 of 3rd period - Stopped by Henrik Tikkanen without a rebound.
4:27 of 3rd period - Wyatt Bongiovanni wins face-off versus Dmitri Voronkov in Colorado zone.
4:37 of 3rd period - Off-side.
4:38 of 3rd period - Adam Klapka wins face-off versus Filip Cederqvist in neutral zone.
4:41 of 3rd period - Filip Cederqvist is hit by Adam Klapka and loses puck.
4:42 of 3rd period - Minor Penalty to Adam Klapka for Roughing.
4:43 of 3rd period - Dmitri Voronkov wins face-off versus Wyatt Bongiovanni in Checkers zone.
4:46 of 3rd period - Shot by Brandon Biro.
4:46 of 3rd period - Stopped by Luke Cavallin without a rebound.
4:47 of 3rd period - Wyatt Bongiovanni wins face-off versus Dmitri Voronkov in Checkers zone.
4:52 of 3rd period - Shot by Dmitri Voronkov.
4:52 of 3rd period - Shot Blocked by Wyatt Bongiovanni.
4:54 of 3rd period - Shot by Brandon Biro.
4:54 of 3rd period - Stopped by Luke Cavallin without a rebound.
4:55 of 3rd period - Dmitri Voronkov wins face-off versus Wyatt Bongiovanni in Checkers zone.
5:11 of 3rd period - Off-side.
5:12 of 3rd period - Wyatt Bongiovanni wins face-off versus John Stevens in neutral zone.
5:12 of 3rd period - Wyatt Bongiovanni is hit by John Stevens.
5:49 of 3rd period - Icing by John Stevens.
5:50 of 3rd period - Nikita Nesterenko wins face-off versus John Stevens in Colorado zone.
6:58 of 3rd period - Shot by Adam Klapka.
6:58 of 3rd period - Stopped by Henrik Tikkanen without a rebound.
6:59 of 3rd period - Jiri Smejkal wins face-off versus Jett Jones in Colorado zone.
7:08 of 3rd period - Shot by Rasmus Asplund.
7:08 of 3rd period - Stopped by Henrik Tikkanen without a rebound.
7:09 of 3rd period - Rasmus Asplund wins face-off versus Filip Cederqvist in Colorado zone.
8:06 of 3rd period - Shot by Nikita Nesterenko.
8:06 of 3rd period - Shot Blocked by Ethan Samson.
8:17 of 3rd period - Jiri Smejkal is hit by Ethan Samson and loses puck.
8:34 of 3rd period - Icing by Cooper Walker.
8:35 of 3rd period - Cooper Walker wins face-off versus Wyatt Bongiovanni in Colorado zone.
8:35 of 3rd period - Cooper Walker is hit by Joe Carroll.
8:38 of 3rd period - Icing by Eetu Liukas.
8:39 of 3rd period - Wyatt Bongiovanni wins face-off versus Cooper Walker in Colorado zone.
8:44 of 3rd period - Shot by Dino Kambeitz.
8:44 of 3rd period - Shot Misses the Net.
9:01 of 3rd period - Joe Carroll is hit by Maxwell Crozier.
9:13 of 3rd period - Dino Kambeitz is hit by Pavol Regenda and loses puck.
9:21 of 3rd period - Dmitri Voronkov is hit by Anton Malmstrom.
9:25 of 3rd period - Shot by Dmitri Voronkov.
9:25 of 3rd period - Stopped by Luke Cavallin with a rebound.
10:10 of 3rd period - Minor Penalty to Wyatt Bongiovanni for Slashing.
10:11 of 3rd period - Adam Klapka wins face-off versus Dmitri Voronkov in Checkers zone.
10:21 of 3rd period - Icing by Ryan Shea.
10:22 of 3rd period - Dmitri Voronkov wins face-off versus Adam Klapka in Colorado zone.
11:07 of 3rd period - Shot by Ryan Sandelin.
11:07 of 3rd period - Stopped by Luke Cavallin without a rebound.
11:08 of 3rd period - Nikita Nesterenko wins face-off versus John Stevens in Checkers zone.
11:47 of 3rd period - Ilya Solovyov is hit by Dmitri Voronkov and loses puck.
12:04 of 3rd period - Shot by Brandon Biro.
12:04 of 3rd period - Shot Blocked by Ethan Frisch.
12:06 of 3rd period - Shot by Michael Callahan.
12:06 of 3rd period - Deflect By Dmitri Voronkov.
12:06 of 3rd period - Stopped by Luke Cavallin without a rebound.
12:07 of 3rd period - Dmitri Voronkov wins face-off versus Brian Pinho in Checkers zone.
12:48 of 3rd period - Icing by Kim Nousiainen.
12:49 of 3rd period - Filip Cederqvist wins face-off versus Wyatt Bongiovanni in Colorado zone.
13:34 of 3rd period - Shot by Brandon Biro.
13:34 of 3rd period - Shot Misses the Net.
13:36 of 3rd period - Shot by Brandon Biro.
13:36 of 3rd period - Shot Misses the Net.
13:55 of 3rd period - Adam Klapka is hit by Pavol Regenda.
14:14 of 3rd period - Shot by Ryan Sandelin.
14:14 of 3rd period - Stopped by Luke Cavallin without a rebound.
14:15 of 3rd period - Nikita Nesterenko wins face-off versus Ryan Sandelin in Checkers zone.
14:15 of 3rd period - Nikita Nesterenko is hit by Ryan Sandelin.
14:45 of 3rd period - Shot by Taro Hirose.
14:45 of 3rd period - Shot Blocked by Ethan Frisch.
14:47 of 3rd period - Shot by John Stevens.
14:47 of 3rd period - Stopped by Luke Cavallin without a rebound.
14:48 of 3rd period - Wyatt Bongiovanni wins face-off versus Cooper Walker in Checkers zone.
15:10 of 3rd period - Minor Penalty to Christoffer Sedoff for Tripping.
15:11 of 3rd period - Wyatt Bongiovanni wins face-off versus Dmitri Voronkov in Checkers zone.
15:44 of 3rd period - Dmitri Voronkov is hit by Griffin Mendel and loses puck.
15:59 of 3rd period - Shot by Ryan Sandelin.
15:59 of 3rd period - Shot Misses the Net.
16:01 of 3rd period - Shot by Ryan Sandelin.
16:01 of 3rd period - Stopped by Luke Cavallin without a rebound.
16:02 of 3rd period - Wyatt Bongiovanni wins face-off versus John Stevens in Checkers zone.
16:29 of 3rd period - Shot by Ryan Sandelin.
16:29 of 3rd period - Goal by Ryan Sandelin - Colorado : 4 - Checkers : 2.
16:30 of 3rd period - Nikita Nesterenko wins face-off versus Jett Jones in neutral zone.
16:48 of 3rd period - Shot by Rasmus Asplund.
16:48 of 3rd period - Shot Misses the Net.
16:53 of 3rd period - Icing by Brayden Pachal.
16:54 of 3rd period - Wyatt Bongiovanni wins face-off versus Jett Jones in Colorado zone.
17:51 of 3rd period - Shot by Dmitri Voronkov.
17:51 of 3rd period - Shot Misses the Net.
18:11 of 3rd period - John Stevens is hit by Dino Kambeitz and loses puck.
18:17 of 3rd period - Griffin Mendel is hit by Michael Callahan and loses puck.
18:21 of 3rd period - Icing by Ethan Samson.
18:22 of 3rd period - John Stevens wins face-off versus Nikita Nesterenko in Colorado zone.
18:34 of 3rd period - Minor Penalty to John Stevens for Hooking.
18:35 of 3rd period - Dmitri Voronkov wins face-off versus Nikita Nesterenko in Colorado zone.
18:57 of 3rd period - Shot by Ilya Solovyov.
18:57 of 3rd period - Shot Misses the Net.
19:45 of 3rd period - Shot by Rasmus Asplund.
19:45 of 3rd period - Stopped by Henrik Tikkanen without a rebound.
19:46 of 3rd period - Nikita Nesterenko wins face-off versus Dmitri Voronkov in Colorado zone.
19:47 of 3rd period - Shot by Brian Pinho.
19:47 of 3rd period - Stopped by Henrik Tikkanen with a rebound.
19:49 of 3rd period - Shot by Nikita Nesterenko.
19:49 of 3rd period - Shot Misses the Net.
19:57 of 3rd period - Shot by Brian Pinho.
19:57 of 3rd period - Shot Misses the Net.
Goals for this period are 1 for Colorado vs 0 for Checkers.
Shots for this period are 10 for Colorado vs 7 for Checkers.
Back to the Top